 Dungeon Crawl Stone Soup version 0.29-a0-22-gbf593b16ee (webtiles) character file.

Game seed: 10116090811865641507

72 gruber the Conjurer (level 4, -1/33 HPs)
             Began as a Draconian Conjurer on Jan 29, 2022.
             Slain by a scorpion (8 damage)
             ... on level 3 of the Dungeon.
             The game lasted 00:02:19 (2654 turns).

gruber the Conjurer (Draconian Conjurer)            Turns: 2654, Time: 00:02:20

Health: -1/33      AC:  6    Str: 10    XL:     4   Next: 6%
Magic:  0/7        EV: 12    Int: 20    God:
Gold:   78         SH:  0    Dex:  9    Spells: 6/7 levels left

rFire   . . .      SeeInvis .   a - +0 short sword
rCold   . . .      Faith    .   (no shield)
rNeg    . . .      Spirit   .   (armour unavailable)
rPois   .          Reflect  .   (helmet restricted)
rElec   .          Harm     .   d - +0 cloak
rCorr   .          Rampage  .   (no gloves)
Will    .....                   (no boots)
Stlth   ++........              (no amulet)
HPRegen 0.11/turn               (no ring)
MPRegen 0.10/turn               (no ring)

@: lethally poisoned (-1 -> -3)
A: AC +5, unfitting armour, cold-blooded
a: no special abilities


You were on level 3 of the Dungeon.
You visited 1 branch of the dungeon, and saw 3 of its levels.

You collected 78 gold pieces.

Inventory:

Hand Weapons
 a - a +0 short sword (weapon)
Armour
 d - a +0 cloak (worn)
Scrolls
 c - 3 scrolls of identify {unknown}
 e - a scroll of amnesia {unknown}
 f - a scroll of enchant armour {unknown}
 g - a scroll of vulnerability {unknown}
Potions
 b - a potion of flight {unknown}


   Skills:
 - Level 1.7 Dodging
 - Level 1.7 Stealth
 - Level 2.0 Spellcasting
 + Level 5.6 Conjurations


You had 6 spell levels left.
You knew the following spells:

 Your Spells              Type           Power      Damage    Failure   Level
a - Magic Dart            Conj           96%        1d7       1%          1

Your spell library contained the following spells:

 Spells                   Type           Power      Damage    Failure   Level
 Searing Ray              Conj           48%        2d6       2%          2
 Dazzling Flash           Conj/Hex       26%        N/A       14%         3
 Ensorcelled Hibernation  Hex/Ice        4%         N/A       24%         2
 Passwall                 Tmut/Erth      1%         N/A       24%         2
 Swiftness                Air            2%         N/A       43%         3
 Fulminant Prism          Conj/Hex       6%         3d7       43%         4
 Iskenderun's Mystic Bla  Conj/Tloc      13%        2d5       43%         4


Dungeon Overview and Level Annotations

Branches:
Dungeon (3/15)

Altars:

Shops:
D:3 [*


Innate Abilities, Weirdness & Mutations

Your plain brown scales are hard. (AC +5)
You cannot fit into any form of body armour.
You are cold-blooded and may be slowed by cold attacks.


Message History

The magic dart hits the scorpion.
The scorpion is moderately wounded.
The magic dart hits the scorpion.
The scorpion is heavily wounded.
The magic dart hits the scorpion.
The scorpion is severely wounded.
The magic dart hits the scorpion but does no damage.
The scorpion is severely wounded.
The scorpion stings you.
The magic dart hits the scorpion.
The scorpion is almost dead.
You hear the rusting of a drain very nearby.
The scorpion stings you. The scorpion closely misses you.
The magic dart hits the scorpion.
The scorpion is almost dead.
The scorpion stings you.
You are too depleted to draw on your mana recklessly!
You are too depleted to draw on your mana recklessly!
You are too depleted to draw on your mana recklessly!
The scorpion misses you. The scorpion stings you.
You are poisoned.
The scorpion poisons you!
You feel sick.
You feel sick.
You feel sick.
Casting: Magic Dart (safe; 1% risk of failure)
Confirm with . or Enter, or press ? or * to list all spells.
Aiming: Magic Dart (safe; 1% risk of failure)
Press: ? - help, Shift-Dir - straight line, f/p - scorpion
Aim: a scorpion (almost dead, 100% to hit)
The magic dart hits the scorpion but does no damage.
The scorpion is almost dead.
You feel sick. The scorpion stings you.
* * * LOW HITPOINT WARNING * * *
Unknown command.
You barely miss the scorpion.
The scorpion is almost dead.
You feel sick. The scorpion stings you!
You die...

##########.##...# #.# #.
#8###..# #.# #. .##.##...#
#.# #. ..8<∩.8...# #.# #. .
..##(####.## #.# #. ..
#8##....###.#########. ...
+..........).....>..... ....
#####.##.###.####.####. .....
#....s@......# #.# #.
...∩..#.###.##.########.####.
........# #.##..............[
.###....# #.#...#######.####.
#....# #..................
#....# #...#.....###.####.
####.#....#.......##.# #.
#.....#######..##.#
###....#.......##.####.


You could see a scorpion.

Vanquished Creatures
  An adder (D:3)
  A gnoll (D:2)
  A dart slug (D:2)
  5 endoplasms
  3 giant cockroaches
  4 goblins
  6 hobgoblins
  6 kobolds
  2 quokkas (D:1)
  5 ball pythons
  5 bats
  5 frilled lizards
  5 rats
  4 toadstools (D:1)
53 creatures vanquished.

Notes
Turn   | Place    | Note
-------+----------+-------------------------------------------
     0 | D:1      | gruber the Draconian Conjurer began the quest for the Orb.
     0 | D:1      | Reached XP level 1. HP: 14/14 MP: 3/3
   381 | D:1      | Reached XP level 2. HP: 20/20 MP: 5/5
  1057 | D:1      | Reached skill level 5 in Conjurations
  1307 | D:1      | Found a faded altar of an unknown god.
  1439 | D:1      | Reached XP level 3. HP: 26/26 MP: 0/6
  2342 | D:3      | Found Koackiem's General Store.
  2380 | D:3      | Reached XP level 4. HP: 33/33 MP: 4/7
  2639 | D:3      | Found Divvafu's Armour Shoppe.
  2639 | D:3      | Noticed a scorpion
  2654 | D:3      | Slain by a scorpion

Illustrated notes

Levels and vault maps discovered:
D:1:      ldierk_water_garden, layout_loops_corners,
          ebering_ecumenical_altar_petrified, minmay_misc_feat_secret_circle,
          serial_bayou_pond_b, st_stairs_11
D:2:      layout_loops_ring, st_stairs_1, kennysheep_generic_room_5
D:3:      layout_basic, cheibrodos_sewer_entry_sluice, serial_shops, shop,
          nicolae_lakefront_shop, nicolae_shop_statue_plus,
          nicolae_shop_advertising_works [nicolae_subvault_shop_adworks], shop,
          serial_bayou_ford_a, roderic_lattice_a, hex_medium, minivault_25

Skill      XL: |  1  2 |
---------------+-------+-----
Conjurations   | 5 |  5.6
Dodging        | |  1.7
Stealth        | |  1.7
Spellcasting   | |  2.0

Action                   |  1- 3 |  4- 6 || total
-------------------------+-------+-------++-------
Melee: Short sword       |    67 |     1 ||    68
       Unarmed           |    15 |       ||    15
       Tailslap          |     8 |       ||     8
       Punch             |     1 |       ||     1
 Cast: Magic Dart        |    57 |    15 ||    72
 Stab: Sleeping          |     2 |       ||     2
Armor: Skin              |    35 |       ||    35
Dodge: Dodged            |    68 |     2 ||    70

Table legend: (Time is in decaauts)
 A = Elapsed time spent in this place.
 B = Non-inter-level travel time spent in this place.
 C = Inter-level travel time spent in this place.
 D = Time resting spent in this place.
 E = Time spent auto-exploring this place.
 F = Levels seen in this place.
 G = Mean time per level.
                   A        B        C        D        E       F      G
               +--------+--------+--------+--------+--------+-----+--------+
         Total |   2664 |   2569 |     95 |      0 |   2201 |   3 |  888.0 |
       Dungeon |   2664 |   2569 |     95 |      0 |   2201 |   3 |  888.0 |
               +--------+--------+--------+--------+--------+-----+--------+

Top non-repeatable levels by time:
     D:1: 1556 daAuts
     D:2: 794 daAuts
     D:3: 313 daAuts
